 Dungeon Crawl Stone Soup version 0.22.1-2-g9c5b331 (webtiles) character file.

35 redwoodhats the Shooter (level 3, -5/29 HPs)
             Began as a Naga Hunter on Nov 27, 2018.
             Slain by Crazy Yiuf
             ... wielding a +3 quarterstaff of chaos
              (8 damage)
             ... on level 2 of the Dungeon.
             The game lasted 00:06:36 (928 turns).

redwoodhats the Shooter (Naga Hunter)                Turns: 928, Time: 00:06:36

Health: -5/29      AC:  4    Str: 16    XL:     3   Next: 33%
Magic:  2/3        EV:  9    Int: 12    God:
Gold:   55         SH:  3    Dex: 11    Spells: 2/2 levels left

rFire    . . .     SeeInvis +   b - +0 short sword
rCold    . . .     Gourm    .   h - +0 buckler
rNeg     . . .     Faith    .   c - +1 leather armour
rPois    +         Spirit   .   g - +0 helmet
rElec    .         Reflect  .   (no cloak)
rCorr    +         Harm     .   (no gloves)
MR       .....                  (no barding)
Stlth    ++........             (no amulet)
HPRegen  0.09/turn              p - ring of resist corrosion
MPRegen  0.08/turn              (no ring)

@: very slow
A: large, stinger 1, see invisible, deformed body, frail 1, poison resistance,
slowness 2, slow metabolism 1, spit poison 2, strong 1, AC +1
a: Breathe Poison Gas


You were on level 2 of the Dungeon.
You were not hungry.

You visited 1 branch of the dungeon, and saw 2 of its levels.

You collected 55 gold pieces.

Inventory:

Hand Weapons
 a - a +1 shortbow
 b - a +0 short sword (weapon)
 k - a +2 hunting sling of velocity
Missiles
 d - 31 arrows
 j - 13 stones (quivered)
Armour
 c - a +1 leather armour (worn)
 g - a +0 helmet (worn)
 h - a +0 buckler (worn)
Jewellery
 p - a ring of resist corrosion (left hand)
Scrolls
 e - a scroll of identify
Potions
 i - a potion of mutation
Comestibles
 f - a ration


   Skills:
 + Level 2.3 Fighting
 + Level 4.3 Bows
 + Level 1.6 Dodging
 + Level 2.0 Stealth


You had 2 spell levels left.
You didn't know any spells.
Your spell library was empty.

Dungeon Overview and Level Annotations

Branches:
Dungeon (2/15)

Altars:

Annotations:
D:2 Crazy Yiuf


Innate Abilities, Weirdness & Mutations

You cannot wear boots.
Your serpentine skin is tough. (AC +1)
You have supernaturally acute eyesight. (SInv)
Armour fits poorly on your strangely shaped body.
Your system is resistant to poisons. (rPois)
You cover ground very slowly.
You have a slow metabolism.
You can exhale a cloud of poison.
Your tail ends in a poisonous barb.
You are frail. (-10% HP)
Your muscles are strong. (Str +2)


Message History

Crazy Yiuf hits you with a quarterstaff of chaos.
You clumsily bash Crazy Yiuf but do no damage.
Crazy Yiuf is almost dead.
Crazy Yiuf hits you with a quarterstaff of chaos.
You feel your power leaking away.
You barely miss Crazy Yiuf.
Crazy Yiuf is almost dead.
Crazy Yiuf says, "Fluff rumpyflump song!"
Crazy Yiuf hits you with a quarterstaff of chaos.
Crazy Yiuf says, "Mama poople sanguine!"
Crazy Yiuf hits you with a quarterstaff of chaos!
* * * LOW HITPOINT WARNING * * *
Crazy Yiuf burns you.
* * * LOW HITPOINT WARNING * * *
b - a +0 short sword (weapon)
You hit Crazy Yiuf.
Crazy Yiuf is almost dead.
Crazy Yiuf cries, "You leg down broken song, no?"
Crazy Yiuf hits you with a quarterstaff of chaos!
You die...

#.# #.# #.# #.# #.#
♣♣♣♣♣####.##### ###
♣♣♣.♣.P..........
#...#♣..♣......#.#####
#.((g@♣♣♣♣........####
#)..#♣♣ ♣♣P..........
### ♣♣##.#.#####
#.#.#†... #.#<#.###
#...#.# #.....#
##..##### ##>....#


You could see Crazy Yiuf.

Vanquished Creatures
  2 oozes
  2 leopard geckos (D:1)
  4 bats
  2 goblins (D:1)
  3 hobgoblins
  2 jackals (D:1)
  3 kobolds (D:1)
  A frilled lizard (D:2)
  4 rats
23 creatures vanquished.

Notes
Turn   | Place    | Note
-------+----------+-------------------------------------------
     0 | D:1      | redwoodhats the Naga Hunter began the quest for the Orb.
     0 | D:1      | Reached XP level 1. HP: 19/19 MP: 1/1
   153 | D:1      | Reached XP level 2. HP: 21/26 MP: 2/2
   162 | D:1      | Reached skill level 4 in Bows
   565 | D:1      | Reached XP level 3. HP: 32/33 MP: 3/3
   678 | D:1      | Gained mutation: You are frail. (-10% HP) [potion of
                  | mutation]
   678 | D:1      | Gained mutation: Your muscles are strong. (Str +2) [potion
                  | of mutation]
   678 | D:1      | Gained mutation: You can exhale a cloud of poison. [potion
                  | of mutation]
   678 | D:1      | Gained mutation: Your tail ends in a poisonous barb.
                  | [potion of mutation]
   915 | D:2      | Found a runed door.
   920 | D:2      | Noticed Crazy Yiuf
   928 | D:2      | Slain by Crazy Yiuf

Skill      XL: |  1  2  3 |
---------------+----------+-----
Bows           | 4 |  4.3
Stealth        | 2 |  2.0
Fighting       | |  2.3
Dodging        | |  1.6

Action                   || total
-------------------------++-------
Melee: Short sword       ||     3
       Unarmed           ||    26
       Hunting sling     ||     4
       Tailslap          ||     4
 Fire: Shortbow          ||    42
       Hunting sling     ||     2
 Abil: Breathe Poison Ga ||     4
  Use: Scroll            ||     7
       Potion            ||     3
  Eat: Ration            ||     1
Armor: Leather armour    ||    28
Dodge: Dodged            ||    27
Block: Buckler           ||     4
